 Dungeon Crawl Stone Soup version 0.30-a0-715-gdb4ae3ece1 (webtiles) character file.

Game seed: 5163800269305241257

105 Darius099 the Ruffian (level 4, -2/44 HPs)
             Began as a Troll Monk on Jan 24, 2023.
             Slain by a goblin
             ... wielding a +0 club
             ... led by Robin
              (4 damage)
             ... on level 3 of the Dungeon.
             The game lasted 00:02:28 (2037 turns).

Darius099 the Ruffian (Troll Monk)                  Turns: 2037, Time: 00:02:28

Health: -2/44      AC:  4    Str: 19    XL:     4   Next: 53%
Magic:  3/3        EV: 11    Int:  6    God:
Gold:   125        SH:  0    Dex: 14    Spells: 2/3 levels left

rFire   . . .      SeeInvis .      - Unarmed
rCold   . . .      Faith    .    (no shield)
rNeg    . . .      Spirit   .    a - +0 robe
rPois   .          Reflect  .    (helmet restricted)
rElec   .          Harm     .    (no cloak)
rCorr   .          Rampage  .    (gloves unavailable)
Will    .....                    (boots unavailable)
Stlth   ++                       (no amulet)
HPRegen 1.07/turn                (no ring)
MPRegen 0.08/turn                (no ring)

@: hasted, very quick
A: large, unfitting armour, claws 3, regeneration 1, shaggy fur 1, tough skin 1
a: no special abilities


You were on level 3 of the Dungeon.
You visited 1 branch of the dungeon, and saw 3 of its levels.

You collected 125 gold pieces.

Inventory:

Armour
 a - a +0 robe (worn)
Scrolls
 e - 3 scrolls of identify {unknown}
 f - 3 scrolls of fog {unknown}
 j - a scroll of fear {unknown}
Potions
 c - 3 potions of might {unknown}
 d - a potion of heal wounds {unknown}
 g - a potion of attraction {unknown}
 h - 2 potions of curing {unknown}


   Skills:
 - Level 2.5 Fighting
 + Level 3.4 Dodging
 - Level 1.1 Stealth
 + Level 4.2 Unarmed Combat


You had 2 spell levels left.
You knew the following spells:

 Your Spells              Type           Power      Damage    Failure   Level
a - Slow                  Hex            0%         N/A       45%         1

Your spell library contained the following spells:

 Spells                   Type           Power      Damage    Failure   Level
 Shock                    Conj/Air       0%         1d3       45%         1
 Confusing Touch          Hex            0%         N/A       83%         3
 Stone Arrow              Conj/Erth      0%         3d7       83%         3
 Swiftness                Air            0%         N/A       83%         3
 Vampiric Draining        Necr           0%         2d6       83%         3
 Airstrike                Air            0%         2d(0-16)  99%         4
 Animate Armour           Summ/Erth      0%         N/A       99%         4
 Lehudib's Crystal Spear  Conj/Erth      0%         10d2      100%        8


Dungeon Overview and Level Annotations

Branches:
Dungeon (3/15)

Altars:

Annotations:
D:3 Robin


Innate Abilities, Weirdness & Mutations

You are too large for most types of armour.
You have claws for hands.
Your natural rate of healing is unusually fast.
You are covered in fur. (AC +1)
You have tough skin. (AC +1)


Message History

You miss the goblin. The goblin misses you. The goblin barely misses you.
You barely miss the goblin. The goblin hits you with a +0 dagger.
The goblin closely misses you.
You claw the goblin!
You kill the goblin!
The goblin no longer looks unusually strong.
Robin throws the goblin at you! The goblin hits you with a +0 club. x2
* * * LOW HITPOINT WARNING * * *
Robin roars a battlecry!
The goblin goes into a battle-frenzy!
You claw the goblin!
You kill the goblin!
Robin throws the goblin at you! The goblin hits you but does no damage.
The goblin barely misses you.
You closely miss the goblin. You closely miss the goblin.
Robin hits you from afar with a +0 spear.
* * * LOW HITPOINT WARNING * * *
The goblin misses you. The goblin closely misses you.
Robin hits you from afar with a +0 spear.
* * * LOW HITPOINT WARNING * * *
You closely miss the goblin. The goblin hits you but does no damage.
The goblin misses you.
Robin hits you from afar with a +0 spear.
* * * LOW HITPOINT WARNING * * *
You closely miss the goblin. Robin hits you but does no damage.
The goblin hits you but does no damage. The goblin hits you with a +0 dagger.
* * * LOW HITPOINT WARNING * * *
Robin closely misses you.
You scratch the goblin.
You kill the goblin!
The goblin hits you with a +0 club.
* * * LOW HITPOINT WARNING * * *
Robin throws the goblin at you!
* * * LOW HITPOINT WARNING * * *
You feel yourself speed up.
Robin hits you from afar with a +0 spear.
* * * LOW HITPOINT WARNING * * *
The goblin hits you with a +0 club.
You die...

#... ##.###.# #..# ###...
#.# #.###..# ......# #.#
#......# #......
##'#######.## #......
##...## #.## #.....g
##.....## #... #...)##
##.......## ###.
#.....####.........####..
##....g)@g.........'.....
#....####.........####..
#.#.## ##.......## ##.
#.## ##.....## ## #
##...## # ##'## # #.# #.#
##.##


You could see Robin (fast) and a goblin (strong).

Vanquished Creatures
  3 adders (D:2)
  4 worms (D:2)
  A dart slug (D:1)
  An endoplasm (D:2)
  6 giant cockroaches
  9 goblins (D:3)
  9 hobgoblins
  4 quokkas
  6 ball pythons
  4 bats
  4 frilled lizards
  3 kobolds
  6 rats
60 creatures vanquished.

Notes
Turn   | Place    | Note
-------+----------+-------------------------------------------
     0 | D:1      | Darius099 the Troll Monk began the quest for the Orb.
     0 | D:1      | Reached XP level 1. HP: 22/22 MP: 0/0
   141 | D:1      | Reached XP level 2. HP: 29/29 MP: 1/1
   789 | D:2      | Reached XP level 3. HP: 23/36 MP: 2/2
  1262 | D:2      | Learned a level 1 spell: Slow
  1291 | D:2      | Reached XP level 4. HP: 43/44 MP: 3/3
  1306 | D:2      | Reached skill level 4 in Unarmed Combat
  1996 | D:3      | Noticed Robin
  2015 | D:3      | HP: 2/44 [goblin/+0 club[Robin] (2)]
  2037 | D:3      | HP: 2/44 [Robin/+0 spear (3)]
  2037 | D:3      | Slain by a goblin

Illustrated notes

Levels and vault maps discovered:
D:1:      amcnicky_arrival_single_pillar, layout_loops_ring, minivault_5,
          minmay_3d_cube
D:2:      layout_loops_corners
D:3:      layout_loops_corners, nicolae_qazlal_eye_of_the_storm,
          mainiacjoe_overflow_boulevard, minmay_vboxes, uniq_robin

Skill      XL: |  1  2  3  4 |
---------------+-------------+-----
Dodging        | 3 |  3.4
Unarmed Combat | 4 |  4.2
Fighting       | |  2.5
Stealth        | |  1.1

Action                     |  1- 3 |  4- 6 || total
---------------------------+-------+-------++-------
  Melee: Unarmed           |   102 |    74 ||   176
         Punch             |     2 |     2 ||     4
    Use: Potion            |       |     2 ||     2
   Stab: Sleeping          |       |     2 ||     2
 Armour: Robe              |    30 |    33 ||    63
  Dodge: Dodged            |    55 |    55 ||   110

Table legend: (Time is in decaauts)
 A = Elapsed time spent in this place.
 B = Non-inter-level travel time spent in this place.
 C = Inter-level travel time spent in this place.
 D = Time resting spent in this place.
 E = Time spent auto-exploring this place.
 F = Levels seen in this place.
 G = Mean time per level.
                   A        B        C        D        E       F      G
               +--------+--------+--------+--------+--------+-----+--------+
         Total |   2025 |   1936 |     89 |      0 |   1525 |   3 |  675.0 |
       Dungeon |   2025 |   1936 |     89 |      0 |   1525 |   3 |  675.0 |
               +--------+--------+--------+--------+--------+-----+--------+

Top non-repeatable levels by time:
     D:2: 865 daAuts
     D:1: 724 daAuts
     D:3: 435 daAuts
